 Dungeon Crawl Stone Soup version 0.17-a0-1515-gfae3d72 (webtiles) character file.

98 badblocks the Chopper (level 5, -2/42 HPs)
             Began as a Formicid Berserker on July 12, 2015.
             Was a Believer of Trog.
             Slain by an adder (3 damage)
             ... on level 3 of the Dungeon.
             The game lasted 00:04:10 (2028 turns).

badblocks the Chopper (Formicid Berserker)          Turns: 2028, Time: 00:04:10

Health: -2/42      AC:  8    Str: 23    XL:     5   Next: 0%
Magic:  5/5        EV:  8    Int:  6    God:    Trog [**....]
Gold:   133        SH:  0    Dex: 10    Spells: 0 memorised, 4 levels left

rFire  . . .     SeeInvis +     a - +0 hand axe
rCold  . . .     Clarity  .     i - +0 ring mail
rNeg   . . .     SustAt   .     (no shield)
rPois  .         Gourm    .     (helmet unavailable)
rElec  .         Spirit   .     (no cloak)
rCorr  .         Warding  .     (no gloves)
rMut   .         Stasis   +     l - +2 pair of boots
MR     .....                    (no amulet)
Stlth  ..........               (no ring)
                                d - -3 ring of evasion (curse)

@: lethally poisoned (-2 -> -3), flying, not resistant to hostile enchantments,
extremely unstealthy
A: permanent stasis, dig shafts and tunnels, four strong arms, antennae 3
a: Dig, Shaft Self, Burn Spellbooks, Trog's Hand, Renounce Religion


You were on level 3 of the Dungeon.
You worshipped Trog.
Trog was pleased with you.
You were hungry.

You visited 1 branch of the dungeon, and saw 3 of its levels.

You collected 133 gold pieces.

Inventory:

Hand weapons
 a - a +0 hand axe (weapon)
Armour
 b - a +0 animal skin
 i - a +0 ring mail (worn)
 l - a +2 pair of boots (worn)
Jewellery
 d - a cursed -3 ring of evasion (left hand)
Scrolls
 h - 2 scrolls of identify
 k - a scroll of immolation {unknown}
 q - a scroll of fog {unknown}
Potions
 e - a potion of might
 j - a potion of agility {unknown}
 n - a potion of mutation {unknown}
Comestibles
 c - 3 bread rations
 m - a beef jerky
 o - 2 fruits
 p - a meat ration


   Skills:
 + Level 4.0 Fighting
 * Level 4.4 Axes
 + Level 2.9 Armour
 - Level 1.7 Dodging


You had 4 spell levels left.
You didn't know any spells.

Dungeon Overview and Level Annotations

Branches:
Dungeon (3/15)

Altars:
Nemelex Xobeh
Qazlal
Sif Muna
The Shining One


Innate Abilities, Weirdness & Mutations

You are under a permanent stasis effect.
You can dig through walls and to a lower floor.
Your four strong arms can wield two-handed weapons with a shield.
You have a pair of large antennae on your head (SInv).


Message History

You are too injured to fight recklessly!
You are too injured to fight recklessly!
You are too injured to fight recklessly!
You are too injured to fight recklessly!
Drink which item? (? for menu, Esc to quit)
Okay, then.
You are too injured to fight recklessly!
You hit the adder.
The adder is almost dead.
You barely miss the gnoll.
The gnoll is severely wounded.
You feel sick. The adder bites you but does no damage.
The gnoll hits you with a flail!
* * * LOW HITPOINT WARNING * * *
Drink which item? (? for menu, Esc to quit)
It was a potion of flight.
You feel very buoyant.
You fly up into the air.
The adder bites you but does no damage. The gnoll hits you but does no damage.
The adder bites you.
You die...

..# .. . #.#. .# . .#
#...# ####.## ### # .#
..... ..... ... .
##.###.#.... _..##.##.#
............###.#.......
#.............#.#S....#
....####.####?..@)....#
....##.....##.#.#g....#
....#.......#.#.#.....#
#...#.......#.#.###.#...
##......_.......# .....
#..#.......#...# ....
#..#.......#...# ...
#..##.....##.### ...
#..####.####.#


You could see a gnoll and an adder.

Vanquished Creatures
  3 gnolls (D:3)
  An adder (D:2)
  3 oozes
  5 bats
  11 goblins
  4 hobgoblins
  2 jackals (D:1)
  A quokka (D:3)
  2 ball pythons
  A giant cockroach (D:1)
  3 giant newts
  4 kobolds (D:2)
  5 rats
45 creatures vanquished.

Notes
Turn   | Place    | Note
--------------------------------------------------------------
     0 | D:1      | badblocks the Formicid Berserker began the quest for the Orb.
     0 | D:1      | Reached XP level 1. HP: 18/18 MP: 1/1
   341 | D:1      | Reached XP level 2. HP: 21/24 MP: 2/2
   738 | D:1      | Reached XP level 3. HP: 22/29 MP: 3/3
  1151 | D:2      | Found a stormy altar of Qazlal.
  1160 | D:2      | Noticed a fire elemental
  1161 | D:2      | Noticed a water elemental
  1161 | D:2      | Noticed an earth elemental
  1161 | D:2      | Noticed an air elemental
  1210 | D:2      | Found a glowing golden altar of the Shining One.
  1359 | D:2      | Acquired Trog's second power
  1791 | D:2      | Reached XP level 4. HP: 34/37 MP: 4/4
  1908 | D:3      | Reached skill level 4 in Axes
  1976 | D:3      | Found a deep blue altar of Sif Muna.
  2005 | D:3      | Found a sparkling altar of Nemelex Xobeh.
  2025 | D:3      | Reached XP level 5. HP: 21/42 MP: 5/5
  2027 | D:3      | HP: 1/42 [gnoll/flail (8)]
  2028 | D:3      | Slain by an adder

Vault maps used:
D:1:      lightli_iron_boxes, serial_forest, infiniplex_forest_lined_room_,
          infiniplex_forest_corner_1, infiniplex_forest_lined_2,
          infiniplex_forest_zigzag_1, infiniplex_forest_lined_corner,
          infiniplex_forest_straight_2, infiniplex_forest_clump_diagonal
D:2:      tso_metal_star, nicolae_qazlal_style_of_elements
D:3:      wad_pebble_path, bloody_makhleb, nemelex_deck, old_standard_altar,
          minmay_misc_feat_tiny, eino_curves_01, minmay_crystal_water,
          tgw_kikubaaqudgha

Action                   |  1- 3 |  4- 6 || total
-------------------------+-------+-------++-------
Melee: Hand axe          |   105 |    68 ||   173
  Use: Scroll            |     4 |       ||     4
       Potion            |       |     2 ||     2
  Eat: Chunk             |     1 |     2 ||     3
